 Dungeon Crawl Stone Soup version 0.29-a0-338-g1ff7896281 (webtiles) character file.

Game seed: 4071717753746590058

23 zishaf the Grasshopper (level 2, 0/27 HPs)
             Began as a Naga Warper on Apr 18, 2022.
             Slain by a hobgoblin (2 damage)
             ... on level 1 of the Dungeon.
             The game lasted 00:01:20 (347 turns).

zishaf the Grasshopper (Naga Warper)                 Turns: 347, Time: 00:01:21

Health: 0/27       AC:  2    Str: 13    XL:     2   Next: 95%
Magic:  0/5        EV:  9    Int: 13    God:
Gold:   31         SH:  0    Dex: 10    Spells: 3/5 levels left

rFire   . . .      SeeInvis +   a - +0 hand axe
rCold   . . .      Faith    .   (no shield)
rNeg    . . .      Spirit   .   b - +0 leather armour
rPois   +          Reflect  .   (no helmet)
rElec   .          Harm     .   (no cloak)
rCorr   .          Rampage  .   (no gloves)
Will    .....                   (no barding)
Stlth   +.........              (no amulet)
HPRegen 0.09/turn               (no ring)
MPRegen 0.09/turn               (no ring)

@: short of breath, very slightly contaminated, very slow
A: AC +0, large, see invisible, deformed body, poison resistance, slowness 2,
spit poison 1, naga tail 1
a: Spit Poison


You were on level 1 of the Dungeon.
You visited 1 branch of the dungeon, and saw 1 of its levels.

You collected 31 gold pieces.

Inventory:

Hand Weapons
 a - a +0 hand axe (weapon)
Missiles
 d - 7 boomerangs of dispersal (quivered)
Armour
 b - a +0 leather armour (worn)
Scrolls
 c - a scroll of blinking
 f - a scroll of enchant armour {unknown}
 g - 2 scrolls of enchant weapon {unknown}
 h - a scroll of amnesia {unknown}
Potions
 e - 2 potions of haste {unknown}


   Skills:
 + Level 2.5 Fighting
 + Level 2.5 Axes
 - Level 1.0 Throwing
 - Level 1.0 Armour
 - Level 1.5 Dodging
 - Level 2.0 Spellcasting
 + Level 3.1 Translocations


You had 3 spell levels left.
You knew the following spells:

 Your Spells              Type           Power      Damage    Failure   Level
a - Blink                 Tloc           18%        N/A       14%         2

Your spell library contained the following spells:

 Spells                   Type           Power      Damage    Failure   Level
 Gell's Gravitas          Tloc           9%         N/A       26%         3
 Lesser Beckoning         Tloc           9%         N/A       26%         3
 Teleport Other           Tloc           9%         N/A       26%         3
 Manifold Assault         Tloc           9%         N/A       94%         5


Dungeon Overview and Level Annotations

Branches:
Dungeon (1/15)

Altars:


Innate Abilities, Weirdness & Mutations

Your serpentine skin is tough. (AC +0)
You have supernaturally acute eyesight. (SInv)
Armour fits poorly on your strangely shaped body.
Your system is resistant to poisons. (rPois)
You cover ground very slowly.
You can spit poison.
You have a snake-like lower body.


Message History

The hobgoblin barely misses you.
Casting: Blink (safe; 14% risk of failure)
Confirm with . or Enter, or press ? or * to list all spells.
You are still too unstable to blink.
The frilled lizard hisses angrily.
You hit the jackal.
You kill the jackal!
You hit the dart slug.
You kill the dart slug!
You closely miss the hobgoblin.
You have got your breath back.
You feel stable enough to blink again. The hobgoblin hits you.
* * * LOW HITPOINT WARNING * * *
Aiming: Spit Poison (2% risk of failure)
Press: ? - help, Shift-Dir - straight line, f - hobgoblin
Aim: a hobgoblin (59% to hit)
The splash of poison hits the hobgoblin.
The hobgoblin is poisoned.
You kill the hobgoblin!
A jackal comes into view.
The hobgoblin hits you.
* * * LOW HITPOINT WARNING * * *
Casting: Blink (safe; 14% risk of failure)
Confirm with . or Enter, or press ? or * to list all spells.
You blink.
You have got your breath back.
Aiming: Spit Poison (2% risk of failure)
Press: ? - help, Shift-Dir - straight line, f - jackal
Aim: a jackal (50% to hit)
The splash of poison hits the jackal.
The jackal is poisoned.
The jackal is almost dead.
You kill the jackal!
You feel stable enough to blink again.
Casting: Blink (safe; 14% risk of failure)
Confirm with . or Enter, or press ? or * to list all spells.
You miscast Blink.
You are very lightly contaminated with residual magic.
Nothing appears to happen.
The hobgoblin hits you.
You die...

...# #.........#
..## ####.######
### ##..####
#......##
####.......##
######...........#
.................#
.................#
.....)....†...g@.#
####.......l..#
#..†#.......##
#.##........?#
#..##.........#
...............#
................#
..............♣...#
.♣.........?..P..##


You could see a hobgoblin and a frilled lizard.

Vanquished Creatures
  A dart slug (D:1)
  2 bats (D:1)
  2 endoplasms (D:1)
  2 goblins (D:1)
  A hobgoblin (D:1)
  2 jackals (D:1)
  2 quokkas (D:1)
  A ball python (D:1)
  A frilled lizard (D:1)
  5 rats (D:1)
19 creatures vanquished.

Notes
Turn   | Place    | Note
-------+----------+-------------------------------------------
     0 | D:1      | zishaf the Naga Warper began the quest for the Orb.
     0 | D:1      | Reached XP level 1. HP: 19/19 MP: 3/3
    54 | D:1      | Reached skill level 1 in Throwing
   201 | D:1      | Found a faded altar of an unknown god.
   215 | D:1      | Reached skill level 1 in Armour
   221 | D:1      | Reached XP level 2. HP: 25/26 MP: 5/5
   227 | D:1      | Learned a level 2 spell: Blink
   339 | D:1      | HP: 1/27 [hobgoblin (4)]
   347 | D:1      | Slain by a hobgoblin

Illustrated notes

Levels and vault maps discovered:
D:1:      psy_arrival_fountain, layout_rooms, basic_ecumenical_altar,
          serial_forest, infiniplex_forest_fountain,
          infiniplex_forest_straight_2, infiniplex_forest_lined_3_way,
          infiniplex_forest_lined_2, infiniplex_forest_clump_long,
          infiniplex_forest_zigzag_2

Skill      XL: |  1 |
---------------+----+-----
Throwing       | 1 |  1.0
Armour         | 1 |  1.0
Fighting       | |  2.5
Axes           | |  2.5
Dodging        | |  1.5
Spellcasting   | |  2.0
Translocations | |  3.1

Action                   || total
-------------------------++-------
Melee: Hand axe          ||    34
 Cast: Blink             ||     2
 Abil: Spit Poison       ||     5
Armor: Leather armour    ||     8
Dodge: Dodged            ||    20

Table legend: (Time is in decaauts)
 A = Elapsed time spent in this place.
 B = Non-inter-level travel time spent in this place.
 C = Inter-level travel time spent in this place.
 D = Time resting spent in this place.
 E = Time spent auto-exploring this place.
 F = Levels seen in this place.
 G = Mean time per level.
                   A        B        C        D        E       F      G
               +--------+--------+--------+--------+--------+-----+--------+
         Total |    407 |    407 |      0 |    144 |    158 |   1 |  407.0 |
       Dungeon |    407 |    407 |      0 |    144 |    158 |   1 |  407.0 |
               +--------+--------+--------+--------+--------+-----+--------+

Top non-repeatable levels by time:
     D:1: 407 daAuts
